 Dungeon Crawl Stone Soup version 0.29-a0-887-gcbe080d7e0 (webtiles) character file.

Game seed: 7769412651786456147

559 funkygono the Firebug (level 7, -1/40 HPs)
             Began as a Gargoyle Fire Elementalist on July 21, 2022.
             Slain by an iguana (9 damage)
             ... on level 7 of the Dungeon.
             The game lasted 00:07:18 (4364 turns).

funkygono the Firebug (Gargoyle Fire Elementalist)  Turns: 4364, Time: 00:07:18

Health: -1/40      AC: 12    Str: 12    XL:     7   Next: 31%
Magic:  0/13       EV: 12    Int: 17    God:
Gold:   222        SH:  0    Dex: 10    Spells: 5/15 levels left

rFire   . . .      SeeInvis .   j - +0 whip
rCold   . . .      Faith    .   (no shield)
rNeg    + . .      Spirit   .   n - +2 robe {Will+}
rPois   ∞          Reflect  .   (no helmet)
rElec   +          Harm     .   (no cloak)
rCorr   .          Rampage  .   h - +0 pair of gloves
Will    +....                   g - +2 pair of boots
Stlth   ++........              (no amulet)
HPRegen 0.13/turn               (no ring)
MPRegen 0.13/turn               (no ring)

@: no status effects
A: sickness immunity, AC +4, negative energy resistance 1, electricity
resistance, torment resistance 1, petrification resistance
a: no special abilities


You were on level 7 of the Dungeon.
You visited 1 branch of the dungeon, and saw 5 of its levels.

You collected 222 gold pieces.

Inventory:

Hand Weapons
 j - a +0 whip (weapon)
Armour
 g - a +2 pair of boots (worn)
 h - a +0 pair of gloves (worn)
 i - a +2 tower shield
 m - a +2 pair of boots
 n - a +2 robe of willpower (worn)
Wands
 k - a wand of mindburst (22)
 o - a wand of light (14)
Scrolls
 e - a scroll of identify
 l - 2 scrolls of poison
 p - a scroll of teleportation {unknown}
Potions
 a - a potion of flight {unknown}
 b - 2 potions of magic
 c - 3 potions of might
 d - 2 potions of heal wounds
 f - a potion of brilliance


   Skills:
 * Level 2.2 Fighting
 + Level 0.2 Maces & Flails
 + Level 1.7 Dodging
 - Level 2.1 Stealth
 * Level 4.5 Spellcasting
 * Level 3.3 Conjurations
 * Level 5.3 Fire Magic


You had 5 spell levels left.
You knew the following spells:

 Your Spells              Type           Power      Damage    Failure   Level
a - Foxfire               Conj/Fire      72%        2x1d7     2%          1
b - Scorch                Fire           44%        2d7       2%          2
c - Conjure Flame         Conj/Fire      18%        6-21      8%          3
d - Flame Wave            Conj/Fire      18%        2d6       24%         4

Your spell library contained the following spells:

 Spells                   Type           Power      Damage    Failure   Level
 Magic Dart               Conj           60%        1d6       3%          1
 Apportation              Tloc           6%         N/A       16%         1
 Necrotise                Necr           12%        1d4       16%         1
 Summon Small Mammal      Summ           12%        N/A       16%         1
 Inner Flame              Hex/Fire       13%        N/A       16%         3
 Call Imp                 Summ           3%         N/A       22%         2
 Poisonous Vapours        Pois/Air       6%         N/A       22%         2
 Wereblood                Tmut           3%         N/A       22%         2
 Mephitic Cloud           Conj/Pois/Air  7%         N/A       28%         3
 Ozocubu's Armour         Ice            3%         N/A       41%         3
 Summon Guardian Golem    Hex/Summ       3%         N/A       41%         3
 Corpse Rot               Necr/Pois/Air  3%         N/A       83%         4
 Orb of Destruction       Conj           7%         9d6       100%        7
 Ozocubu's Refrigeration  Ice            1%         4d5       100%        7
 Spellforged Servitor     Conj/Summ      4%         N/A       100%        7
 Summon Hydra             Summ           1%         N/A       100%        7
 Sublimation of Blood     Necr           Unusable   N/A       N/A         2

Dungeon Overview and Level Annotations

Branches:
Dungeon (4/15)
 Temple: D:4-7

Altars:
Cheibriados
Dithmenos
Sif Muna
Yredelemnul


Innate Abilities, Weirdness & Mutations

You are immune to sickness and miasma.
Your stone body is resilient. (AC +4)
You are immune to poison.
You resist negative energy. (rN+)
You are resistant to electric shocks. (rElec)
You are resistant to unholy torment.
You are immune to petrification.


Message History

You barely miss the iguana.
The iguana is almost dead.
The iguana bites you.
You hit the iguana but do no damage. Your punch misses the iguana.
The iguana is almost dead.
The iguana closely misses you.
You hit the iguana but do no damage.
The iguana is almost dead.
The iguana hisses menacingly.
The iguana bites you!
You completely miss the iguana.
The iguana is almost dead.
The iguana completely misses you. The iguana misses you.
You barely miss the iguana.
The iguana is severely wounded.
The iguana bites you!
You closely miss the iguana.
The iguana is severely wounded.
The iguana bites you!
* * * LOW HITPOINT WARNING * * *
You barely miss the iguana.
The iguana is severely wounded.
The iguana barely misses you.
You hit the iguana but do no damage.
The iguana is severely wounded.
The iguana bites you but does no damage.
You hit the iguana but do no damage.
The iguana is severely wounded.
The iguana barely misses you.
Casting: Scorch (safe; 2% risk of failure)
Confirm with . or Enter, or press ? or * to list all spells.
Flames lash the iguana.
The iguana is almost dead.
The iguana's fire resistance burns away.
The iguana misses you.
Unknown command.
You hit the iguana but do no damage. You punch the iguana, but do no damage.
The iguana is severely wounded.
The iguana bites you!
You die...

######.###..#....##.#
.......#
#..###.###.########
########
##.................
#)###.....#######.
#..######.# #...# #.#
#...# #.#
#.######...#####.#
#...........l@...#
#######.....####.#
#.....# #.....#
#.....## # #.###..#
#.# #..# ... #))....#
... ##)###.#


You could see an iguana (combustible).

Vanquished Creatures
  An ogre (D:7)
  A phantom (D:7)
  A kobold brigand (D:7)
  2 bullfrogs (D:7)
  A scorpion (D:7)
  A hound (D:3)
  A gnoll (D:1)
  2 adders
  2 worms (D:3)
  2 dart slugs (D:1)
  An orc (D:7)
  7 ball pythons
  9 bats
  9 endoplasms
  6 giant cockroaches
  6 goblins
  8 hobgoblins
  5 quokkas
  5 frilled lizards
  14 kobolds
  9 rats
93 creatures vanquished.

Vanquished Creatures (others)
  266 foxfires
266 creatures vanquished.

Grand Total: 359 creatures vanquished

Notes
Turn   | Place    | Note
-------+----------+-------------------------------------------
     0 | D:1      | funkygono the Gargoyle Fire Elementalist began the quest
                  | for the Orb.
     0 | D:1      | Reached XP level 1. HP: 10/10 MP: 3/3
   261 | D:1      | Reached XP level 2. HP: 15/15 MP: 0/5
   264 | D:1      | Learned a level 2 spell: Scorch
   549 | D:1      | Reached XP level 3. HP: 19/19 MP: 0/6
   647 | D:1      | Learned a level 3 spell: Conjure Flame
   799 | D:1      | Found a faded altar of an unknown god.
  1817 | D:2      | Reached XP level 4. HP: 23/24 MP: 4/8
  2127 | D:2      | Reached skill level 4 in Fire Magic
  3003 | D:3      | Found a shimmering blue altar of Sif Muna.
  3220 | D:3      | Reached XP level 5. HP: 28/28 MP: 1/9
  3293 | D:3      | Found a basalt altar of Yredelemnul.
  3293 | D:3      | Found a shadowy altar of Dithmenos.
  3299 | D:3      | Learned a level 4 spell: Flame Wave
  3328 | D:3      | Reached skill level 1 in Fighting
  3649 | D:4      | Found a snail-covered altar of Cheibriados.
  3891 | D:4      | You fall into a shaft and drop 3 floors!
  3899 | D:7      | Noticed a phantom
  3907 | D:7      | Killed a phantom
  3908 | D:7      | Reached XP level 6. HP: 34/34 MP: 4/11
  4126 | D:7      | Reached skill level 5 in Fire Magic
  4209 | D:7      | Reached XP level 7. HP: 32/40 MP: 8/13
  4364 | D:7      | Slain by an iguana

Illustrated notes

Levels and vault maps discovered:
D:1:      minmay_arrival_plants_in_alcoves, layout_basic,
          shapermc_ecumenical_altar_mp_ritualfount, minmay_misc_feat_alley
D:2:      layout_loops_ring, nrook_mini_vaults, minmay_split_cup_small
D:3:      layout_rooms, jmf_multi_god_temple, nicolae_sif_muna_little_library
D:4:      layout_basic, overflow_temple_1_default
D:7:      layout_basic, minmay_statues_item

Skill      XL: |  1  2  3  4  5  6 |
---------------+-------------------+-----
Fire Magic     | 4 5 |  5.3
Spellcasting   | 3 4 |  4.5
Conjurations   | 2 3 |  3.3
Fighting       | 1 2 |  2.2
Maces & Flails | |  0.2
Dodging        | |  1.7
Stealth        | |  2.1

Action                   |  1- 3 |  4- 6 |  7- 9 || total
-------------------------+-------+-------+-------++-------
Melee: Unarmed           |     4 |       |       ||     4
       Club              |     6 |       |       ||     6
       Whip              |       |     7 |    33 ||    40
       Punch             |       |       |     1 ||     1
 Cast: Foxfire           |    64 |    84 |    14 ||   162
       Scorch            |     5 |    10 |     3 ||    18
  Use: Scroll            |     2 |     6 |       ||     8
Armor: Robe              |     7 |    12 |    14 ||    33
Dodge: Dodged            |    13 |    16 |    26 ||    55

Table legend: (Time is in decaauts)
 A = Elapsed time spent in this place.
 B = Non-inter-level travel time spent in this place.
 C = Inter-level travel time spent in this place.
 D = Time resting spent in this place.
 E = Time spent auto-exploring this place.
 F = Levels seen in this place.
 G = Mean time per level.
                   A        B        C        D        E       F      G
               +--------+--------+--------+--------+--------+-----+--------+
         Total |   4367 |   4275 |     92 |    131 |   3431 |   5 |  873.4 |
       Dungeon |   4367 |   4275 |     92 |    131 |   3431 |   5 |  873.4 |
               +--------+--------+--------+--------+--------+-----+--------+

Top non-repeatable levels by time:
     D:1: 1609 daAuts
     D:2: 1037 daAuts
     D:3: 963 daAuts
     D:7: 476 daAuts
     D:4: 279 daAuts
